 Dungeon Crawl Stone Soup version 0.29-a0-1052-g6990b1bffc (webtiles) character file.

Game seed: 11593512762453957903

216 kae the Firebug (level 5, -4/28 HPs)
             Began as a Deep Elf Fire Elementalist on Aug 17, 2022.
             Was an Initiate of Vehumet.
             Slain by a sky beast (5 damage)
             ... on level 4 of the Dungeon.
             The game lasted 00:02:22 (3298 turns).

kae the Firebug (Deep Elf Fire Elementalist)        Turns: 3298, Time: 00:02:22

Health: -4/28      AC:  5    Str:  4 (5)  XL:     5   Next: 61%
Magic:  0/13       EV: 12    Int: 22      God:    Vehumet [......]
Gold:   277        SH:  0    Dex: 12 (15) Spells: 3/12 levels left

rFire   . . .      SeeInvis +   (no weapon)
rCold   . . .      Faith    .   (no shield)
rNeg    . . .      Spirit   +   a - +0 robe
rPois   .          Reflect  .   (no helmet)
rElec   .          Harm     .   (no cloak)
rCorr   .          Rampage  .   (no gloves)
Will    .....                   q - +2 pair of boots
Stlth   ++........              G - amulet of guardian spirit
HPRegen 0.09/turn               L - ring of flight
MPRegen 0.13/turn               v - ring of see invisible

@: about to teleport, flying
A: no striking features
a: Renounce Religion


You were on level 4 of the Dungeon.
You worshipped Vehumet.
Vehumet was noncommittal.
You visited 1 branch of the dungeon, and saw 4 of its levels.

You collected 277 gold pieces.


   Skills:
 - Level 2.4 Dodging
 - Level 2.4 Stealth
 + Level 4.4 Spellcasting
 * Level 3.9 Conjurations
 * Level 5.1 Fire Magic


You had 3 spell levels left.
You knew the following spells:

 Your Spells              Type           Power      Damage    Failure   Level
a - Foxfire               Conj/Fire      96%        2x1d8     1%          1
b - Scorch                Fire           54%        2d7       1%          2
c - Conjure Flame         Conj/Fire      24%        6-21      4%          3
d - Inner Flame           Hex/Fire       16%        N/A       12%         3

Your spell library contained the following spells:

 Spells                   Type           Power      Damage    Failure   Level
 Flame Wave               Conj/Fire      24%        2d8       17%         4

Inventory:

Missiles
 c - 31 stones
 t - 5 poisoned darts
Armour
 a - a +0 robe (worn)
 q - a +2 pair of boots (worn)
   (You found it on level 3 of the Dungeon)
Magical Staves
 m - a staff of fire {!a}
   (You found it on level 2 of the Dungeon)
Jewellery
 v - a ring of see invisible (right hand)
   (You found it on level 2 of the Dungeon)
 G - an amulet of guardian spirit (around neck)
   (You found it on level 1 of the Dungeon)
 L - a ring of flight (left hand)
   (You found it on level 2 of the Dungeon)
 S - a +6 ring of strength
   (You found it on level 2 of the Dungeon)
Wands
 k - a wand of flame (15)
   (You found it on level 3 of the Dungeon)
Scrolls
 d - a scroll of noise {unknown}
 f - a scroll of teleportation {@r4}
 h - a scroll of butterflies
 i - a scroll of blinking {unknown}
 n - a scroll of magic mapping {unknown}
Potions
 b - 3 potions of magic
 e - 4 potions of berserk rage {unknown}
 g - 3 potions of haste {unknown}
 j - a potion of degeneration {!q}
 l - a potion of curing {@q1}
 o - a potion of ambrosia
 p - a potion of flight {unknown}
 r - a potion of invisibility {unknown}
 s - a potion of heal wounds {unknown}

Dungeon Overview and Level Annotations

Branches:
Dungeon (4/15) Zot: 20697
 Temple: D:4-7

Altars:
Vehumet

Annotations:
D:3 3 runed translucent doors, Armakuni's ghost, weakling HuMo

# #...##.####### #
#...#..# # #...#.##
# #####.# # ##.# #
###..# # #...## #
#.########### #
#.#.#.#...#@# #
##.##.#..#.h#Y#
#####..#.#..###..#g#
.......##..## ##..##
.......#..## #..#
.....#...## ..#
####.#.#..# ..#
#.#.##).# ##
#.#.#.#..#


You could see a sky beast (invisible, combustible), a hound and a gnoll.


Message History

Vehumet accepts your kill. The orc closely misses you. 😎 MP[-2]
You lost 2 mp, and now have 9/13 mp.
Casting: Scorch (safe; 2% risk of failure)
Confirm with . or Enter, or press ? or * to list all spells.
Flames lash the orc.
You kill the orc!
Vehumet accepts your kill.
You feel your intelligence returning. 😎 MP[-2]
You lost 2 mp, and now have 7/13 mp.
Casting: Scorch (safe; 1% risk of failure)
Confirm with . or Enter, or press ? or * to list all spells.
You can't see any susceptible monsters within range! (Use Z to cast anyway.)
You now have 277 gold pieces (gained 19).
A sky beast comes into view. 😎 MP[+6]
Your mp is fully restored (13).
A sky beast is nearby!
A sky beast is nearby!
A sky beast is nearby!
Casting: Scorch (safe; 1% risk of failure)
Confirm with . or Enter, or press ? or * to list all spells.
Flames lash the sky beast.
The sky beast's fire resistance burns away.
You hear a bark!
You hear a shout! x3; You hear an angry hiss.
You hear a shout! x2
An endoplasm comes into view.
The endoplasm freezes you.
You are frozen.
The sky beast flickers out of sight for a moment. 😎 MP[-3]
You lost 3 mp, and now have 10/13 mp.
Casting: Scorch (safe; 1% risk of failure)
Confirm with . or Enter, or press ? or * to list all spells.
Flames lash the sky beast.
The sky beast is burned terribly!
The endoplasm freezes you.
You are frozen.
The endoplasm freezes you.
You are frozen. 😕 HP[-5] MP[-4]
You take 5 damage, and now have 23/28 hp.
You lost 4 mp, and now have 6/13 mp.
Casting: Scorch (safe; 1% risk of failure)
Confirm with . or Enter, or press ? or * to list all spells.
Flames lash the sky beast.
The sky beast is burned terribly!
You hear a shout!
The endoplasm freezes you.
You are frozen.
The endoplasm hits you but does no damage. 😕 HP[-1] MP[-2]
You take 1 damage, and now have 22/28 hp.
You lost 2 mp, and now have 4/13 mp.
Casting: Scorch (safe; 1% risk of failure)
Confirm with . or Enter, or press ? or * to list all spells.
Flames lash the endoplasm.
You kill the endoplasm!
Vehumet accepts your kill.
You hear an angry hiss.
A hound comes into view.
The sky beast flickers out of sight for a moment. 😕 MP[-1]
You lost 1 mp, and now have 3/13 mp.
Casting: Scorch (safe; 1% risk of failure)
Confirm with . or Enter, or press ? or * to list all spells.
Flames lash the sky beast.
The sky beast is burned terribly!
The sky beast closely misses you.
A gnoll comes into view. It is wielding a +0 spear.
The sky beast hits you.
The sky beast shocks you. 😮 HP[-7] MP[-2]
You take 7 damage, and now have 15/28 hp.
MASSIVE DAMAGE!! (PAUSE)
You lost 2 mp, and now have 1/13 mp.
Unknown command.
As you read the scroll of teleportation {@r4}, it crumbles to dust.
You feel strangely unstable. The hound closely misses you. x2
A ball python comes into view.
The gnoll misses you. The sky beast hits you.
* * * LOW HITPOINT WARNING * * *
The sky beast shocks you.
* * * LOW HITPOINT WARNING * * *
😨 HP[-6] MP[-1]
You take 6 damage, and now have 9/28 hp.
MASSIVE DAMAGE!! (PAUSE)
You lost 1 mp, and now have 0/13 mp.
Really attack while wielding nothing?
Okay, then.
Really attack while wielding nothing?
Okay, then.
Really attack while wielding nothing?
You closely miss the hound. The hound bites you.
* * * LOW HITPOINT WARNING * * *
The gnoll closely misses you.
The sky beast flickers out of sight for a moment.
The sky beast hits you.
* * * LOW HITPOINT WARNING * * *
The sky beast shocks you.
You die...

Skill      XL: |  1  2  3  4  5 |
---------------+----------------+-----
Conjurations   | 2 3 |  3.9
Fire Magic     | 4 5 |  5.1
Spellcasting   | 4 |  4.4
Dodging        | |  2.4
Stealth        | |  2.4

Action                   |  1- 3 |  4- 6 || total
-------------------------+-------+-------++-------
Melee: Unarmed           |       |     1 ||     1
 Cast: Foxfire           |    56 |    47 ||   103
       Scorch            |     2 |    20 ||    22
  Use: Scroll            |       |     7 ||     7
       Potion            |       |     2 ||     2
Armor: Robe              |     2 |    11 ||    13
Dodge: Dodged            |    15 |    21 ||    36

Levels and vault maps discovered:
D:1:      zaba_arrival_water, layout_rooms,
          shapermc_ecumenical_altar_mp_vishouse, nrook_campfire
D:2:      layout_basic, uniq_jessica
D:3:      layout_basic, gammafunk_ghost_split, minmay_misc_feat_secret_circle,
          guppyfry_early_lair_pool
D:4:      minmay_diamond_boxcup, layout_basic, nicolae_vehumet_radiance,
          serial_park_tiny_2, minmay_misc_feat_cross

Notes
Turn   | Place    | Note
-------+----------+-------------------------------------------
     0 | D:1      | kae the Deep Elf Fire Elementalist began the quest for the
                  | Orb.
     0 | D:1      | Reached XP level 1. HP: 10/10 MP: 6/6
     0 | D:1      | magus.rc [v1.11.3]
   270 | D:1      | Reached XP level 2. HP: 15/15 MP: 6/8
   273 | D:1      | Learned a level 2 spell: Scorch
   509 | D:1      | Found a faded altar of an unknown god.
   689 | D:1      | Reached skill level 2 in Conjurations
   895 | D:2      | Noticed Jessica
   904 | D:2      | Killed Jessica
   905 | D:2      | Reached skill level 4 in Fire Magic
   905 | D:2      | Reached XP level 3. HP: 19/19 MP: 7/10
   909 | D:2      | Learned a level 3 spell: Conjure Flame
  1096 | D:2      | Learned a level 3 spell: Inner Flame
  1292 | D:2      | Reached XP level 4. HP: 24/24 MP: 7/11
  1631 | D:3      | Found a runed translucent gate.
  1632 | D:3      | Found a runed translucent gate.
  1634 | D:3      | Noticed Armakuni's ghost (weakling HuMo)
  1637 | D:3      | Found a runed translucent gate.
  1969 | D:3      | Reached skill level 3 in Conjurations
  2612 | D:4      | Reached skill level 4 in Spellcasting
  2677 | D:4      | Found a radiant altar of Vehumet.
  2689 | D:4      | Became a worshipper of Vehumet
  2903 | D:4      | Noticed a scorpion
  2914 | D:4      | Killed a scorpion
  2915 | D:4      | Reached XP level 5. HP: 14/28 MP: 2/13
  2917 | D:4      | HP: 5/28 [hound (5)]
  2924 | D:4      | Reached skill level 5 in Fire Magic
  3286 | D:4      | Noticed a sky beast
  3298 | D:4      | HP: 5/28 [hound (4)]
  3298 | D:4      | HP: 1/28 [sky beast (4)]
  3298 | D:4      | Slain by a sky beast

Vanquished Creatures
  A scorpion (D:4)
  A hound (D:4)
  Jessica (D:2)
  3 adders
  2 worms (D:4)
  A dart slug (D:1)
  3 orcs
  11 endoplasms
  3 giant cockroaches
  5 goblins
  3 hobgoblins
  A quokka (D:2)
  7 ball pythons
  8 bats
  A frilled lizard (D:3)
  5 kobolds
  6 rats
62 creatures vanquished.

Vanquished Creatures (collateral kills)
  3 foxfires (D:3)
3 creatures vanquished.

Vanquished Creatures (others)
  169 foxfires
  4 plants (D:3)
173 creatures vanquished.

Grand Total: 238 creatures vanquished

Table legend:
 A = Non-vault XP
 B = Vault XP
 C = Vault XP percentage of total XP
 D = Non-vault monster count
 E = Vault monster count
 F = Vault count percentage of total count
                 A         B        C        D         E       F
            +---------+---------+-------+---------+---------+-------
      Total |     262 |      47 |  15.2 |      58 |       4 |   6.5
            +---------+---------+-------+---------+---------+-------
        D:1 |      30 |       0 |   0.0 |      19 |       0 |   0.0
        D:2 |      34 |      37 |  52.1 |      13 |       1 |   7.1
        D:3 |      42 |       0 |   0.0 |      19 |       0 |   0.0
        D:4 |     156 |      10 |   6.0 |       7 |       3 |  30.0
            +---------+---------+-------+---------+---------+-------

Illustrated notes

Table legend:
 A = Kills in this place as a percentage of kills in entire the game.
 B = Kills by you in this place as a percentage of kills by you in the entire game.
 C = Kills by friends in this place as a percentage of kills by friends in the entire game.
 D = Other kills in this place as a percentage of other kills in the entire game.
 E = Experience gained in this place as a percentage of experience gained in the entire game.
 F = Experience gained in this place divided by the number of levels of this place that you have seen.
                   A       B       C       D       E      F
               +-------+-------+-------+-------+-------+----------------------
         Total | 100.0 | 100.0 |   N/A |   N/A | 100.0 |  77.2
       Dungeon | 100.0 | 100.0 |   N/A |   N/A | 100.0 |  77.2
               +-------+-------+-------+-------+-------+----------------------

Table legend: (Time is in decaauts)
 A = Elapsed time spent in this place.
 B = Non-inter-level travel time spent in this place.
 C = Inter-level travel time spent in this place.
 D = Time resting spent in this place.
 E = Time spent auto-exploring this place.
 F = Levels seen in this place.
 G = Mean time per level.
                   A        B        C        D        E       F      G
               +--------+--------+--------+--------+--------+-----+--------+
         Total |   3301 |   3243 |     58 |      2 |   2788 |   4 |  825.2 |
       Dungeon |   3301 |   3243 |     58 |      2 |   2788 |   4 |  825.2 |
               +--------+--------+--------+--------+--------+-----+--------+

Top non-repeatable levels by time:
     D:3: 1009 daAuts
     D:1: 884 daAuts
     D:4: 744 daAuts
     D:2: 662 daAuts
